 Dungeon Crawl Stone Soup version 0.31.0-32-g396128a36d (webtiles) character file.

Game seed: 16901416038281795489

13272 Bamboolord the Jinx (level 12, 0/85 (92) HPs)
             Began as a Formicid Fighter on Mar 9, 2024.
             Was a High Priest of Nemelex Xobeh.
             Slain by a cyclops (28 damage)
             ... on level 10 of the Dungeon.
             The game lasted 00:29:10 (9733 turns).

Bamboolord the Jinx (Formicid Fighter)              Turns: 9733, Time: 00:29:11

HP:   0/85 (92)     AC: 13    Str: 22 (24) XL:     12   Next: 30%
MP:   23/23         EV: 10    Int: 14 (16) God:    Nemelex Xobeh [*****.]
Gold: 547           SH:  6    Dex: 14 (16) Spells: 20/26 levels left

rFire   . . .        a - +2 quarterstaff (freeze)
rCold   + . .        c - +0 buckler
rNeg    . . .        m - +0 ring mail
rPois   +            (helmet unavailable)
rElec   .            p - -1 cloak of Impressiveness {rC+ rCorr Dex+3}
rCorr   +            f - +0 pair of gloves
SInv    +            I - +0 pair of boots
Will    +....        b - amulet of regeneration
Stlth   +++          g - ring of poison resistance
HPRegen 1.14/turn    L - +6 ring of intelligence
MPRegen 0.18/turn

%: no passive effects
@: drained
A: permanent stasis, dig shafts and tunnels, antennae 3, four strong arms,
iridescent scales 2, deterioration 1, wild magic 1
a: Dig, Shaft Self, Renounce Religion, Draw Escape, Draw Destruction, Draw
Summoning, Triple Draw, Deal Four, Stack Five


You were on level 10 of the Dungeon.
You worshipped Nemelex Xobeh.
Nemelex Xobeh was extremely pleased with you.
You visited 2 branches of the dungeon, and saw 11 of its levels.
You also visited: Ossuary.

You collected 547 gold pieces.

Inventory:

Hand Weapons
 a - a +2 quarterstaff of freezing (weapon)
 C - a +2 mace of holy wrath
Missiles
 t - a throwing net
Armour
 c - a +0 buckler (worn)
 f - a +0 pair of gloves (worn)
 m - a +0 ring mail (worn)
 p - the -1 cloak of Impressiveness (worn) {rC+ rCorr Dex+3}
   (You found it on level 3 of the Dungeon)

   Dex+3:     It affects your dexterity (+3).
   rC+:       It protects you from cold.
   rCorr:     It protects you from acid and corrosion.
 I - a +0 pair of boots (worn)
Jewellery
 b - an amulet of regeneration (around neck)
 g - a ring of poison resistance (left hand)
 i - a ring of fire
 j - a ring of willpower
 u - an amulet of magic regeneration
 A - a ring of flight
 D - a ring of fire
 L - a +6 ring of intelligence (right hand)
 M - a +4 ring of protection
Wands
 n - a wand of digging (9)
 y - a wand of quicksilver (4)
 E - a wand of paralysis (6)
 F - a wand of mindburst (6)
 G - a wand of flame (4)
 J - a wand of iceblast (2)
Scrolls
 k - a scroll of noise
 l - 4 scrolls of vulnerability
 o - a scroll of amnesia
 v - 3 scrolls of immolation
 w - a scroll of enchant armour {unknown}
 H - a scroll of butterflies {unknown}
 K - a scroll of fear {unknown}
 N - a scroll of identify
Potions
 d - 4 potions of might
 e - a potion of degeneration {unknown}
 h - 4 potions of enlightenment
 q - a potion of heal wounds {unknown}
 r - a potion of cancellation {unknown}
 s - a potion of berserk rage {unknown}
 x - 3 potions of mutation
 z - 2 potions of invisibility
 B - 3 potions of curing


   Skills:
 + Level 7.8 Fighting
 + Level 6.7 Staves
 + Level 7.7 Armour
 + Level 9.0 Stealth
 + Level 9.0 Shields
 * Level 7.8 Spellcasting
 * Level 9.2 Hexes
 + Level 7.1 Invocations


You had 20 spell levels left.
You knew the following spells:

 Your Spells              Type           Power      Damage    Failure   Level
a - Confusing Touch       Hex            40%        N/A       3%          3
b - Dazzling Flash        Conj/Hex       46%        N/A       14%         3

Your spell library contained the following spells:

 Spells                   Type           Power      Damage    Failure   Level
 Kiss of Death            Conj/Necr      28%        2d7       30%         1
 Lesser Beckoning         Tloc           14%        N/A       43%         2
 Static Discharge         Conj/Air       14%        3-4/arc   43%         2
 Gell's Gravitas          Tloc           7%         N/A       65%         3
 Hailstorm                Conj/Ice       7%         3d5       65%         3
 Summon Ice Beast         Ice/Summ       7%         N/A       65%         3
 Teleport Other           Tloc           7%         N/A       65%         3
 Volatile Blastmotes      Fire/Tloc      14%        2d11      65%         3
 Airstrike                Air            3%         2d(1-17)  95%         4
 Dispel Undead            Necr           7%         3d8       95%         4
 Manifold Assault         Tloc           7%         N/A       95%         4
 Summon Lightning Spire   Summ/Air       7%         N/A       95%         4
 Dispersal                Tloc           3%         N/A       100%        6
 Sculpt Simulacrum        Ice/Alch       3%         N/A       100%        6
 Starburst                Conj/Fire      3%         6d3       100%        6
 Disjunction              Tloc           3%         N/A       100%        8
 Maxwell's Capacitive Co  Air            3%         ∞         100%        8


Dungeon Overview and Level Annotations

Branches:
Dungeon (10/15)            Temple (1/1) D:7            Lair (0/5) D:10
    Orc (0/2) D:10        Ossuary (visited)

Altars:
Ashenzari
Cheibriados
Dithmenos
Elyvilon
Fedhas
Gozag
Hepliaklqana
Kikubaaqudgha
Makhleb
Nemelex Xobeh
Okawaru
Qazlal
Ru
Sif Muna
Trog
Uskayaw
Vehumet
Wu Jian
Xom
Yredelemnul
Zin
The Shining One

Shops:
D:2 (   D:6 (

Annotations:
D:8 2 transporters


Innate Abilities, Weirdness & Mutations

You cannot be hasted, slowed, berserked, paralysed or teleported.
You can dig through walls and to a lower floor.
You have a pair of large antennae on your head. (SInv)
Your four strong arms can wield two-handed weapons with a shield.
You are mostly covered in iridescent scales. (AC +4)
Your body sometimes deteriorates upon taking damage.
Your spells are a little harder to cast, but a little more powerful.


Message History

The orc warrior slams into the rock wall!
The orc warrior is moderately wounded.
The electrical discharge engulfs the orc warrior!
The orc warrior is almost dead.
The electrical discharge engulfs the cyclops!!
The cyclops is moderately wounded.
You hear mighty peals of thunder!
You hear an angry hiss.
You hear a shout!
Unknown command.
Unknown command.
Unknown command.
The orc warrior hits you but does no damage.
The cyclops hits you!!
You hear a shout!
Things that are here:
a +0 whip; a +0 chain mail You hit the orc warrior but do no damage.
The orc warrior is almost dead.
The orc warrior hits you with a +0 glaive!
Your body deteriorates!
You feel clumsy. The cyclops hits you.
You thump the cyclops! You freeze the cyclops.
The cyclops is heavily wounded.
You block the orc warrior's attack.
Unknown command.
You hit the cyclops but do no damage.
The cyclops is heavily wounded.
The orc warrior hits you but does no damage.
The cyclops hits you!
Your body deteriorates!
You feel dopey.
Unknown command.
You sock the cyclops! You freeze the cyclops.
The cyclops is almost dead.
You block the orc warrior's attack.
The cyclops hits you but does no damage.
You hit the cyclops. You freeze the cyclops.
The cyclops is almost dead.
You block the orc warrior's attack. The cyclops hits you!!
You die...
Your body glows with a rainbow of weird colours and disappears.

#.# #......# #.# ####.### #
#.#.##.# #.# #....... #.#.##.#
##'## #.##.##. # ########
##<..### #.... ###.
#########.....## ##... ....#
#.)##{.........####....
###..##.#.)##.........##..§..
#^......))##oC........#.§§...
..####.#.###@)........)).....
#.#..#o....#.#.........)..._.
##.#....#.#.##.##.....#.)).§...
.....##..#####.###...####.§§§..
.# #{))#.# #.####'## ##§§§..
#o###.# #...##.# ##§... >..oo
o. ###.##.# ##§.. #..C { ..#
###.##.## #§.. #..# .#.
#.......## ##.#


You could see a cyclops and an orc warrior.

Vanquished Creatures
  A boulder beetle (D:7)
  A two-headed ogre (D:8)
  Pikel (D:8)
  An ugly thing (D:9)
  A slime creature (D:8)
  An unseen horror (D:9)
  A kobold demonologist (D:9)
  A komodo dragon (D:10)
  Sigmund (D:5)
  4 wraiths
  3 wyverns (D:10)
  6 yaks (D:8)
  A fire bat (D:10)
  A steam dragon (D:7)
  An acid dragon (D:10)
  A hell hound (D:10)
  2 black bears
  4 orc warriors
  An ice beast (D:7)
  4 sky beasts
  3 centaurs
  3 ogres
  A lemure (D:8)
  6 kobold brigands
  A bullfrog (D:7)
  A gnoll sergeant (D:10)
  A scorpion (D:10)
  7 water moccasin zombies (Ossuary)
  8 wights
  A burial acolyte (Ossuary)
  16 killer bees
  3 bombardier beetles
  3 hounds
  8 orc priests
  3 sleepcaps (D:6)
  5 iguanas
  13 orc wizards
  A bullfrog simulacrum (Ossuary)
  A centaur simulacrum (D:10)
  A crocodile zombie (Ossuary)
  2 mummies (Ossuary)
  4 gnolls
  7 adders
  A shadow imp (D:5)
  A white imp (D:7)
  4 ufetubi
  4 adder zombies (Ossuary)
  3 ribbon worms
  4 dart slugs
  40 orcs
  6 endoplasms
  3 giant cockroaches
  3 gnoll zombies (Ossuary)
  9 hobgoblins
  3 jackals (D:2)
  3 quokkas
  4 ball pythons
  6 bats
  4 frilled lizards
  9 goblins
  9 jackal zombies (Ossuary)
  38 kobolds
  10 orc zombies (Ossuary)
  6 rats
306 creatures vanquished.

Vanquished Creatures (collateral kills)
  Erica (D:8)
  A death yak (D:10)
  A gargoyle (D:10)
  An unseen horror (D:10)
  3 slime creatures (D:8)
  A basilisk (D:10)
  2 yaks (D:10)
  A killer bee (D:10)
11 creatures vanquished.

Grand Total: 317 creatures vanquished

Notes
Turn   | Place    | Note
-------+----------+-------------------------------------------
     0 | D:1      | Bamboolord the Formicid Fighter began the quest for the
                  | Orb.
     0 | D:1      | Reached XP level 1. HP: 18/18 MP: 1/1
   180 | D:1      | Reached XP level 2. HP: 20/24 MP: 2/2
   203 | D:1      | Reached skill level 1 in Stealth
   615 | D:1      | Reached XP level 3. HP: 23/29 MP: 3/3
   946 | D:2      | Reached XP level 4. HP: 23/37 MP: 4/4
  1051 | D:2      | Found Zips's Weapon Boutique.
  1506 | D:3      | Found a sacrificial altar of Ru.
  1506 | D:3      | Found a snail-covered altar of Cheibriados.
  1506 | D:3      | Found a sparkling altar of Nemelex Xobeh.
  1508 | D:3      | Found a broken altar of Ashenzari.
  1539 | D:3      | Became a worshipper of Nemelex Xobeh the Trickster
  1704 | D:3      | Identified the -1 cloak of Impressiveness {rC+ rCorr Dex+3}
  1937 | D:3      | Gained mutation: Your spells are a little harder to cast,
                  | but a little more powerful. [potion of mutation]
  1937 | D:3      | Gained mutation: You have hidden genetic defects. [potion
                  | of mutation]
  1937 | D:3      | Gained mutation: Your body sometimes deteriorates upon
                  | taking damage. [potion of mutation]
  1937 | D:3      | Gained mutation: You are partially covered in iridescent
                  | scales. (AC +2) [potion of mutation]
  1940 | D:3      | Reached XP level 5. HP: 5/42 MP: 5/5
  2244 | D:3      | Gained mutation: Armour fits poorly on your strangely
                  | shaped body. [hidden defects]
  2540 | D:4      | Reached * piety under Nemelex Xobeh
  2615 | D:3      | Reached skill level 1 in Invocations
  2629 | D:3      | Gained mutation: You are frail. (-10% HP) [hidden defects]
  2629 | D:3      | Lost mutation: You have hidden genetic defects. [hidden
                  | defects expressed]
  2632 | D:3      | Reached XP level 6. HP: 39/41 MP: 6/6
  2978 | D:4      | Reached skill level 5 in Shields
  3036 | D:4      | Reached XP level 7. HP: 38/49 MP: 8/8
  3204 | D:4      | Received a gift from Nemelex Xobeh
  3392 | D:4      | Learned a level 3 spell: Confusing Touch
  3500 | D:5      | Entered Level 5 of the Dungeon
  3558 | D:5      | Noticed Sigmund
  3561 | D:5      | Killed Sigmund
  3562 | D:5      | Reached skill level 5 in Stealth
  3562 | D:5      | Reached skill level 1 in Spellcasting
  3595 | D:5      | Reached ** piety under Nemelex Xobeh
  3657 | D:5      | Reached skill level 1 in Hexes
  3657 | D:5      | Reached XP level 8. HP: 39/54 MP: 10/10
  3755 | D:5      | Learned a level 3 spell: Dazzling Flash
  3764 | D:5      | Noticed an air elemental
  3766 | D:5      | Found a stormy altar of Qazlal.
  3767 | D:5      | Noticed a water elemental
  3768 | D:5      | Noticed a fire elemental
  4230 | D:5      | Lost mutation: Armour fits poorly on your strangely shaped
                  | body. [potion of mutation]
  4230 | D:5      | Lost mutation: You are frail. (-10% HP) [potion of
                  | mutation]
  4230 | D:5      | Gained mutation: You are mostly covered in iridescent
                  | scales. (AC +4) [potion of mutation]
  4253 | D:5      | Received a gift from Nemelex Xobeh
  4549 | D:6      | Reached skill level 5 in Fighting
  4549 | D:6      | Reached skill level 5 in Armour
  4698 | D:6      | Found a sand-covered staircase.
  4702 | Ossuary  | Entered an ossuary
  4853 | Ossuary  | Reached XP level 9. HP: 68/68 MP: 13/13
  5124 | D:6      | Found Yrhatim's Antique Weapon Shop.
  5818 | D:7      | Noticed a boulder beetle
  5891 | D:7      | Killed a boulder beetle
  5892 | D:7      | Reached skill level 5 in Staves
  5892 | D:7      | Reached skill level 5 in Hexes
  5892 | D:7      | Reached XP level 10. HP: 44/76 MP: 15/17
  6007 | D:7      | Reached *** piety under Nemelex Xobeh
  6062 | D:7      | Received a gift from Nemelex Xobeh
  6098 | D:7      | Found a staircase to the Ecumenical Temple.
  6110 | Temple   | Entered the Ecumenical Temple
  6204 | D:7      | Reached skill level 5 in Spellcasting
  6204 | D:7      | Reached skill level 5 in Invocations
  6323 | D:7      | Found an ancient bone altar of Kikubaaqudgha.
  6760 | D:8      | Found a bloodstained altar of Trog.
  6918 | D:8      | Noticed Pikel
  6936 | D:8      | Killed Pikel
  6959 | D:8      | Found a hide-covered altar of Uskayaw.
  6992 | D:8      | Noticed Erica
  7005 | D:8      | Killed Erica
  7080 | D:8      | Noticed a two-headed ogre
  7088 | D:8      | Killed a two-headed ogre
  7173 | D:8      | Reached XP level 11. HP: 69/83 MP: 19/19
  7218 | D:8      | Reached **** piety under Nemelex Xobeh
  7494 | D:8      | Noticed a deep elf pyromancer
  7497 | D:8      | Found a transporter.
  7497 | D:8      | Noticed a boulder beetle
  7497 | D:8      | Noticed a tengu warrior
  7504 | D:8      | Found a transporter.
  8120 | D:9      | Noticed a green ugly thing
  8131 | D:9      | Killed a green ugly thing
  8298 | D:9      | Found a hazy altar of Hepliaklqana.
  8720 | D:9      | Found a glowing silver altar of Zin.
  8721 | D:9      | Found a white marble altar of Elyvilon.
  8724 | D:9      | Found a glowing golden altar of the Shining One.
  8846 | D:10     | Entered Level 10 of the Dungeon
  9115 | D:10     | Noticed a death yak
  9135 | D:10     | Killed a death yak
  9136 | D:10     | Reached XP level 12. HP: 71/91 MP: 21/23
  9194 | D:10     | Received a gift from Nemelex Xobeh
  9215 | D:10     | Found a staircase to the Lair.
  9382 | D:10     | Found a shimmering altar of Xom.
  9528 | D:10     | Found a shadowy altar of Dithmenos.
  9593 | D:10     | Reached ***** piety under Nemelex Xobeh
  9733 | D:10     | Slain by a cyclops

Illustrated notes

Levels and vault maps discovered:
D:1:      shiori_arrival_whats_in_store_for_you, layout_basic
D:2:      layout_basic, serial_shops, nicolae_shop_rolling_square
D:3:      layout_loops_cross, minitemple, minmay_unequal
D:4:      layout_gridville, kennysheep_flooded_box,
          chequers_serial_rivers_micro_b, hangedman_abyss_or_decor_stabs,
          minmay_close_crescents
D:5:      layout_basic, nicolae_qazlal_style_of_elements,
          serial_library_regret_index_branch_corner, uniq_sigmund
D:6:      layout_rooms, serial_shops, nicolae_stop_n_shop_1,
          nicolae_ossuary_entry_false_entrances, minmay_misc_feat_rugged
D:7:      layout_basic, kennysheep_little_box, minmay_temple_entry_junction_2
D:8:      gammafunk_sealed_arena, layout_loops_corners,
          mainiacjoe_overflow_surrounded_room, trog_hazing_becter, uniq_pikel,
          uniq_erica
D:9:      layout_loops_cross, good_gods_temple_1, mainiacjoe_overflow_24_doors
D:10:     cheibrodos_barr_body, layout_loops_corners, regret_index_xom_of_box,
          nicolae_dithmenos_the_darkroom, david_lair_generic, erik_orc_3
Temple:   hellmonk_temple_two_chambers

Skill      XL: |  1  2  3  4  5  6  7  8  9 10 11 12 |
---------------+-------------------------------------+-----
Stealth        | 1 2 3 4 5 6 7 8 9 |  9.0
Staves         | 3 4 5 6 |  6.7
Armour         | 4 5 6 7 |  7.7
Invocations    | 1 2 3 4 5 6 7 |  7.1
Fighting       | 4 5 6 7 |  7.8
Shields        | 5 6 7 8 9 |  9.0
Spellcasting   | 1 3 4 5 7 |  7.8
Hexes          | 1 3 5 7 8 9 |  9.2

Action                     |  1- 3 |  4- 6 |  7- 9 | 10-12 || total
---------------------------+-------+-------+-------+-------++-------
  Melee: Quarterstaff      |    96 |   198 |   383 |   523 ||  1200
 Invoke: Draw Destruction  |       |       |     7 |     5 ||    12
         Draw Summoning    |       |       |       |     4 ||     4
         Draw Escape       |       |       |       |     3 ||     3
Ability: Dig               |       |     4 |     5 |     1 ||    10
    Use: Potion            |       |     4 |     1 |       ||     5
         Scroll            |       |     3 |     4 |     8 ||    15
   Stab: Sleeping          |       |     1 |     9 |    12 ||    22
         Distracted        |       |       |       |     2 ||     2
 Armour: Scale mail        |    68 |    69 |       |       ||   137
         Ring mail         |       |    67 |   281 |   373 ||   721
  Dodge: Dodged            |    47 |   104 |   187 |   216 ||   554
  Block: Buckler           |    25 |    47 |   132 |   173 ||   377
